 Dungeon Crawl Stone Soup version 0.31-a0-222-gefeffbb62a (webtiles) character file.

Game seed: 13418162789384654979

49 qw the Shooter (level 3, -2/21 HPs)
             Began as a Gargoyle Hexslinger on July 4, 2023.
             Slain by Sigmund
             ... wielding a +0 scythe
              (5 damage)
             ... on level 3 of the Dungeon.
             The game lasted 00:00:48 (1577 turns).

qw the Shooter (Gargoyle Hexslinger)                Turns: 1577, Time: 00:00:48

Health: -2/21      AC:  9    Str: 11    XL:     3   Next: 75%
Magic:  4/4        EV: 10    Int: 13    God:
Gold:   62         SH:  0    Dex: 14    Spells: 3/4 levels left

rFire   . . .        Y - +2 sling
rCold   . . .        (no shield)
rNeg    + . .        l - +0 ring mail
rPois   inf          (no helmet)
rElec   +            f - +0 cloak
rCorr   .            (no gloves)
SInv    .            (no boots)
Will    .....        (no amulet)
Stlth   +            (no ring)
HPRegen 0.23/turn    (no ring)
MPRegen 0.09/turn

%: no passive effects
@: no status effects
A: sickness immunity, AC +3, negative energy resistance 1, electricity
resistance, torment resistance 1, petrification resistance
a: no special abilities


You were on level 3 of the Dungeon.
You visited 1 branch of the dungeon, and saw 3 of its levels.

You collected 95 gold pieces.
You spent 33 gold pieces at shops.


Innate Abilities, Weirdness & Mutations

You are immune to sickness and miasma.
Your stone body is resilient. (AC +3)
You are immune to poison.
You resist negative energy. (rN+)
You are resistant to electric shocks. (rElec)
You are resistant to unholy torment.
You are immune to petrification.


   Skills:
 - Level 2.0 Fighting
 - Level 3.6 Ranged Weapons
 + Level 0.0 Armour
 - Level 1.5 Dodging
 - Level 1.0 Spellcasting
 - Level 2.6 Hexes


You had 3 spell levels left.
You knew the following spells:

 Your Spells              Type           Power      Damage    Failure   Level
a - Slow                  Hex            28%        N/A       22%         1

Your spell library contained the following spells:

 Spells                   Type           Power      Damage    Failure   Level
 Inner Flame              Hex/Fire       4%         N/A       75%         3
 Portal Projectile        Hex/Tloc       8%         N/A       75%         3
 Cause Fear               Hex            3%         N/A       92%         4

Inventory:

Hand Weapons
 Y - a +2 sling (weapon)
Armour
 f - a +0 cloak (worn)
 l - a +0 ring mail (worn)
Scrolls
 h - a scroll of identify
Potions
 b - a potion of heal wounds
 e - a potion of magic {unknown}
 j - a potion of attraction {unknown}
 k - a potion of curing

Dungeon Overview and Level Annotations

Branches:
Dungeon (3/15)

Altars:

Shops:
D:1 !

Annotations:
D:3 Sigmund


Message History

The puff of flame hits you but does no damage.
You shoot a sling bullet.
The sling bullet hits Sigmund but does no damage.
Sigmund is lightly wounded.
Sigmund gestures wildly while chanting.
Sigmund flickers and vanishes!
Deactivating autopickup; reactivate with Ctrl-A.
You shoot a sling bullet.
You hear some strange, mumbled words.
You are confused.
You shoot a sling bullet.
You hear some strange, mumbled words.
You are more confused.
Something hits you!
You shoot a sling bullet. You shoot a sling bullet.
Something hits you but does no damage.
You shoot a sling bullet. Something hits you but does no damage.
You shoot a sling bullet. Something hits you but does no damage.
You shoot a sling bullet. Something hits you but does no damage.
You shoot a sling bullet. Something hits you but does no damage.
You shoot a sling bullet.
A magic dart appears from out of thin air!
The magic dart hits you.
You shoot a sling bullet. Something hits you.
You shoot a sling bullet.
You feel less confused. Something hits you but does no damage.
You shoot a sling bullet. Something hits you but does no damage.
You shoot a sling bullet. Something hits you but does no damage.
You shoot a sling bullet. Something hits you.
You die...

#############
.......@....#
.......####.#
......{ #.#
...$... #.#
.?..... #.#
....... #.#
###########
#.# #.....#
#.# #.....#
#.#


There were no monsters in sight!

Vanquished Creatures
  An adder (D:2)
  2 dart slugs
  An orc (D:2)
  5 endoplasms
  A giant cockroach (D:1)
  A goblin (D:2)
  5 hobgoblins
  8 ball pythons
  A bat (D:1)
  6 frilled lizards
  3 kobolds
  A rat (D:3)
35 creatures vanquished.

Notes
Turn   | Place    | Note
-------+----------+-------------------------------------------
     0 | D:1      | qw the Gargoyle Hexslinger began the quest for the Orb.
     0 | D:1      | Reached XP level 1. HP: 12/12 MP: 2/2
     0 | D:1      | 0 ||| qw: Version: 0.3-a-46-gb1f654a
     0 | D:1      | 0 ||| qw: Game counter: 861
     0 | D:1      | 0 ||| qw: Melee chars always use a shield: true
     0 | D:1      | 0 ||| qw: God list: Okawaru
     0 | D:1      | 0 ||| qw: Allow faded altars: false
     0 | D:1      | 0 ||| qw: Do Orc after clearing Dungeon:15 true
     0 | D:1      | 0 ||| qw: Do second Lair branch before Depths: true
     0 | D:1      | 0 ||| qw: Lair rune preference: random
     0 | D:1      | 0 ||| qw: Goals: Normal
     0 | D:1      | 0 ||| PLANNING D:1-11
    66 | D:1      | Reached XP level 2. HP: 16/16 MP: 3/3
   207 | D:1      | Reached skill level 3 in Ranged Weapons
   343 | D:1      | Found Izes's Distillery.
   349 | D:1      | 349 ||| SHOPLISTING 2 potions of curing (66 gold, have 34).
   349 | D:1      | 349 ||| SHOPLISTING 2 potions of heal wounds (110 gold,
                  | have 34).
   349 | D:1      | 349 ||| BUYING potion of curing (33 gold).
   349 | D:1      | Bought a potion of curing for 33 gold pieces
   349 | D:1      | 349 ||| SHOPLISTING potion of curing (33 gold, have 1).
   349 | D:1      | 349 ||| SHOPLISTING potion of enlightenment (55 gold, have
                  | 1).
   349 | D:1      | 349 ||| SHOPLISTING potion of mutation (88 gold, have 1).
   673 | D:1      | 673 ||| DROPPING amulet of magic regeneration.
   674 | D:1      | 674 ||| DROPPING ring of flight.
   675 | D:1      | 675 ||| READING scroll labelled IWNAME MOLOA.
   676 | D:1      | 676 ||| READING scroll labelled MISAEWAOHI.
   677 | D:1      | 677 ||| READING 2 scrolls labelled EROYBO XEOPHEWN.
   678 | D:1      | 678 ||| READING scroll labelled CELEAG MIKHLE.
   679 | D:1      | 679 ||| DROPPING scroll of poison.
   770 | D:2      | 770 ||| FLEEEEING.
   771 | D:2      | 771 ||| FLEEEEING.
   772 | D:2      | 772 ||| FLEEEEING.
   773 | D:2      | 773 ||| FLEEEEING.
   774 | D:2      | 774 ||| FLEEEEING.
   775 | D:2      | 775 ||| STAIRDANCE
   786 | D:2      | Reached XP level 3. HP: 21/21 MP: 4/4
   801 | D:2      | 801 ||| FLEEEEING.
   802 | D:2      | 802 ||| FLEEEEING.
   803 | D:2      | 803 ||| FLEEEEING.
   804 | D:2      | 804 ||| FLEEEEING.
   805 | D:2      | 805 ||| FLEEEEING.
   806 | D:2      | 806 ||| FLEEEEING.
   807 | D:2      | 807 ||| FLEEEEING.
   808 | D:2      | 808 ||| FLEEEEING.
   809 | D:2      | 809 ||| STAIRDANCE
  1358 | D:2      | 1358 ||| UPGRADING to +0 cloak.
  1363 | D:2      | 1363 ||| UPGRADING to +0 leather armour.
  1373 | D:2      | 1373 ||| DROPPING +0 robe.
  1374 | D:2      | 1374 ||| UPGRADING to +0 ring mail.
  1384 | D:2      | 1384 ||| DROPPING +0 leather armour.
  1385 | D:2      | 1385 ||| READING scroll labelled GUGREMP EXIG.
  1486 | D:2      | 1486 ||| READING 4 scrolls of identify.
  1486 | D:2      | 1486 ||| IDENTIFYING golden potion
  1487 | D:2      | 1487 ||| READING 3 scrolls of identify.
  1487 | D:2      | 1487 ||| IDENTIFYING fizzy clear potion
  1488 | D:2      | 1488 ||| READING 2 scrolls of identify.
  1488 | D:2      | 1488 ||| IDENTIFYING glowing blue potion
  1489 | D:2      | 1489 ||| DROPPING potion of ambrosia.
  1490 | D:2      | 1490 ||| DROPPING potion of brilliance.
  1554 | D:3      | Noticed Sigmund
  1561 | D:3      | 1561 ||| DRINKING 2 potions of curing.
  1561 | D:3      | 1561 ||| (to cure confusion)
  1573 | D:3      | HP: 2/21 [something (4)]
  1577 | D:3      | Slain by Sigmund

Levels and vault maps discovered:
D:1:      minmay_arrival_up_and_down, layout_basic, serial_shops,
          nicolae_shop_hallway_plus
D:2:      layout_basic, minivault_26
D:3:      layout_basic, hangedman_abyss_or_decor_lesser_grid,
          kennysheep_generic_room_7, uniq_sigmund, uniq_ijyb

Skill      XL: |  1  2 |
---------------+-------+-----
Ranged Weapons | 3 |  3.6
Fighting       | 2 |  2.0
Dodging        | |  1.5
Spellcasting   | |  1.0
Hexes          | |  2.6

Action                     || total
---------------------------++-------
   Fire: Sling             ||   118
    Use: Scroll            ||     8
         Potion            ||     1
 Armour: Robe              ||    12
         Ring mail         ||    11
  Dodge: Dodged            ||    25

Table legend:
 A = Non-vault XP
 B = Vault XP
 C = Vault XP percentage of total XP
 D = Non-vault monster count
 E = Vault monster count
 F = Vault count percentage of total count
                 A         B        C        D         E       F
            +---------+---------+-------+---------+---------+-------
      Total |      70 |       0 |   0.0 |      35 |       0 |   0.0
            +---------+---------+-------+---------+---------+-------
        D:1 |      33 |       0 |   0.0 |      21 |       0 |   0.0
        D:2 |      36 |       0 |   0.0 |      13 |       0 |   0.0
        D:3 |       1 |       0 |   0.0 |       1 |       0 |   0.0
            +---------+---------+-------+---------+---------+-------
